 Dungeon Crawl Stone Soup version 0.22-a0-614-g34fbaa0 (webtiles) character file.

251 roflturtle the Ruffian (level 5, -1/45 HPs)
             Began as a Draconian Transmuter on July 20, 2018.
             Slain by an orc
             ... wielding a +0 hand axe
              (9 damage)
             ... on level 4 of the Dungeon.
             The game lasted 00:10:15 (2649 turns).

roflturtle the Ruffian (Draconian Transmuter)       Turns: 2649, Time: 00:10:16

Health: -1/45      AC:  5    Str: 13    XL:     5   Next: 88%
Magic:  7/8        EV: 12    Int: 13    God:
Gold:   187        SH:  0    Dex: 12    Spells: 2/8 levels left

rFire    . . .     SeeInvis .     - Unarmed
rCold    . . .     Gourm    .   (no shield)
rNeg     . . .     Faith    .   (armour unavailable)
rPois    .         Spirit   .   (helmet restricted)
rElec    .         Reflect  .   (no cloak)
rCorr    .         Harm     .   (no gloves)
MR       .....                  (boots currently unavailable)
Stlth    +.........             (no amulet)
HPRegen  0.15/turn              (no ring)
MPRegen  0.11/turn              (no ring)

@: appendage, very slightly contaminated
A: unfitting armour, talons 3, cold-blooded, AC +5
a: End Transformation


You were on level 4 of the Dungeon.
You were hungry.
You had grown temporary talons.
You visited 1 branch of the dungeon, and saw 4 of its levels.

You collected 187 gold pieces.

Inventory:

Hand Weapons
 f - a cursed -3 hand axe
 h - a +2 mace of holy wrath
 n - a +2 flail of protection
Missiles
 a - 30 arrows
 j - 2 curare-tipped needles
 m - 9 bolts
Jewellery
 l - an uncursed ring of flight {unknown}
Scrolls
 b - a scroll of amnesia {unknown}
 d - 4 scrolls of identify
 e - a scroll of immolation {unknown}
 g - 2 scrolls of teleportation {unknown}
 i - 3 scrolls of blinking {unknown}
 o - a scroll of random uselessness {unknown}
Potions
 k - a potion of curing
Comestibles
 c - 10 rations
 p - a chunk of flesh


   Skills:
 - Level 3.6 Fighting
 - Level 2.2 Dodging
 - Level 4.3 Unarmed Combat
 - Level 2.0 Spellcasting
 - Level 3.1 Transmutations
 + Level 1.9 Poison Magic


You had 2 spell levels left.
You knew the following spells:

 Your Spells              Type           Power        Failure   Level  Hunger
a - Beastly Appendage     Tmut           #.....       7%          1    ##.....
b - Sticks to Snakes      Tmut           #.......     11%         2    ###....
c - Spider Form           Tmut/Pois      #.........   26%         3    ####...

Your spell library contained the following spells:

 Spells                   Type           Power        Failure   Level  Hunger
 Blade Hands              Tmut           #.........   89%         5    ######.
 Ice Form                 Ice/Tmut       #.......     80%         4    #####..


Dungeon Overview and Level Annotations

Branches:
Dungeon (4/15)
 Temple: D:4-7

Altars:
Ashenzari
Sif Muna
Vehumet


Innate Abilities, Weirdness & Mutations

Your plain brown scales are hard. (AC +5)
You cannot fit into any form of body armour.
You are cold-blooded and may be slowed by cold attacks.
You have claws for feet.


Message History

* * * LOW HITPOINT WARNING * * *
The orc hits you but does no damage.
You feel better. The orc barely misses you. The orc misses you.
The orc hits you with a flail.
* * * LOW HITPOINT WARNING * * *
Found an escape hatch in the floor.
The orc closely misses you.
You open the door. The orc hits you with a flail.
* * * LOW HITPOINT WARNING * * *
There is an open door here.
Casting: Beastly Appendage (safe; 7% risk of failure)
Confirm with . or Enter, or press ? or * to list all spells.
Your feet morph into talons.
The orc closely misses you.
You hit the orc. Your kick misses the orc.
The orc is severely wounded.
The orc hits you but does no damage.
You hit the orc but do no damage.
The orc is severely wounded.
The orc hits you with a hand axe!
You die...

###.........
#.........# #.
#...##
[.......... ..
.....
..........# #.
#...#
..........#####.
#...#
................
#...#
.##...####......
#...# .##...#
#......##...# .#
##...
.......@oo### .#
...
......o##.[.# ..
.........o..#..
...#...).......>
..
#........#.... #
#........#....
..........# ...
#...........# ##
#[.....#......


You could see 3 orcs.

Vanquished Creatures
  A water moccasin skeleton (D:4)
  2 orc priests (D:3)
  4 adders (D:2)
  3 worms
  3 dart slugs
  14 orcs
  7 bats
  4 giant cockroaches
  10 goblins
  7 hobgoblins
  8 jackals (D:3)
  2 quokkas (D:2)
  5 frilled lizards
  A quokka skeleton (D:4)
  7 rats
78 creatures vanquished.

Vanquished Creatures (collateral kills)
  An orc (D:3)
1 creature vanquished.

Grand Total: 79 creatures vanquished

Notes
Turn   | Place    | Note
-------+----------+-------------------------------------------
     0 | D:1      | roflturtle the Draconian Transmuter began the quest for the Orb.
     0 | D:1      | Reached XP level 1. HP: 16/16 MP: 3/3
   417 | D:1      | Reached XP level 2. HP: 16/23 MP: 3/5
   738 | D:2      | Learned a level 2 spell: Sticks to Snakes
   788 | D:2      | Reached XP level 3. HP: 27/29 MP: 6/6
   869 | D:2      | Reached skill level 4 in Unarmed Combat
   909 | D:2      | Reached XP level 4. HP: 18/36 MP: 5/7
  1017 | D:2      | Found a radiant altar of Vehumet.
  1021 | D:2      | Found a deep blue altar of Sif Muna.
  1453 | D:3      | Reached XP level 5. HP: 16/42 MP: 6/8
  2264 | D:3      | Learned a level 3 spell: Spider Form
  2365 | D:3      | Found a shattered altar of Ashenzari.
  2611 | D:4      | Reached skill level 1 in Poison Magic
  2649 | D:4      | Slain by an orc

Vault maps used:
D:1:      dpeg_arrival_three_same_balls, minmay_vboxes
D:2:      grunt_temple_overflow_open
D:3:      nicolae_ashenzari_panopticon
D:4:      serial_shops, kennysheep_mini, uniq_blork_the_orc, uniq_duvessa,
          uniq_ijyb, uniq_robin

Skill      XL: |  1  2  3  4  5 |
---------------+----------------+-----
Dodging        | 2 |  2.2
Fighting       | 2 3 |  3.6
Unarmed Combat | 4 |  4.3
Transmutations | 3 |  3.1
Poison Magic   | 1 |  1.9
Spellcasting   | |  2.0

Action                   |  1- 3 |  4- 6 || total
-------------------------+-------+-------++-------
Melee: Unarmed           |    84 |   198 ||   282
       Tailslap          |     5 |    26 ||    31
       Kick              |     5 |    18 ||    23
       Headbutt          |     3 |    10 ||    13
       Punch             |     1 |     2 ||     3
 Cast: Beastly Appendage |    10 |    17 ||    27
       Sticks to Snakes  |       |     2 ||     2
  Use: Scroll            |       |     3 ||     3
       Potion            |       |     1 ||     1
  Eat: Chunk             |       |     6 ||     6
Armor: Skin              |    26 |    41 ||    67
Dodge: Dodged            |    52 |   121 ||   173

Table legend:
 A = Spawn XP
 B = Non-spawn XP
 C = Spawn XP percentage of total XP
 D = Spawn monster count
 E = Non-spawn monster count
 F = Spawn count percentage of total count
 G = Total turns spent on level
                    A         B        C        D         E        F      G
               +---------+---------+-------+---------+---------+-------+---------
         Total |       0 |     359 |   0.0 |       0 |      79 |   0.0 |  2649
               +---------+---------+-------+---------+---------+-------+---------
           D:1 |       0 |      23 |   0.0 |       0 |      13 |   0.0 |   710
           D:2 |       0 |      87 |   0.0 |       0 |      21 |   0.0 |   563
           D:3 |       0 |     178 |   0.0 |       0 |      42 |   0.0 |  1312
           D:4 |       0 |      71 |   0.0 |       0 |       3 |   0.0 |    64
               +---------+---------+-------+---------+---------+-------+---------
